 Dungeon Crawl Stone Soup version 0.23.2-40-g277498a001 (webtiles) character file.

Game seed: 573339829975139802

12544 CitizenNev the Carver (level 11, -10/101 HPs)
             Began as a Minotaur Fighter on Aug 21, 2019.
             Was a High Priest of Okawaru.
             Killed from afar by Jorgrun (13 damage)
             ... with a blast of rock fragments
             ... while petrified by Jorgrun
             ... on level 12 of the Dungeon.
             The game lasted 00:36:37 (11099 turns).

CitizenNev the Carver (Minotaur Fighter)           Turns: 11099, Time: 00:36:37

Health: -10/101    AC: 19    Str: 25    XL:     11   Next: 63%
Magic:  10/10      EV: -1    Int:  5    God:    Okawaru [*****.]
Gold:   453        SH:  0    Dex:  9    Spells: 10/10 levels left

rFire    + . .     SeeInvis .   F - +3 scimitar (freeze)
rCold    x . .     Gourm    .   r - +0 large shield
rNeg     + + +     Faith    .   w - +0 plate armour
rPois    ∞         Spirit   .   (helmet restricted)
rElec    .         Reflect  .   e - +0 cloak
rCorr    .         Harm     .   m - +1 pair of gloves
MR       .....                  l - +0 pair of boots
Stlth    ..........             n - amulet of magic regeneration
HPRegen  0.26/turn              p - ring of fire
MPRegen  0.37/turn              (no ring)

@: petrified, grasped by roots, constricted, lightly drained
A: retaliatory headbutt, horns 2
a: Heroism, Finesse, Renounce Religion


You were on level 12 of the Dungeon.
You worshipped Okawaru.
Okawaru was extremely pleased with you.
You were near starving.

You visited 2 branches of the dungeon, and saw 13 of its levels.
You also visited: Ossuary.

You collected 606 gold pieces.
You spent 153 gold pieces at shops.

Inventory:

Hand Weapons
 b - the +9 staff of Wucad Mu {channel}
   (You found it on level 4 of the Dungeon)
 F - a +3 scimitar of freezing (weapon)
Armour
 e - a +0 cloak (worn)
 l - a +0 pair of boots (worn)
 m - a +1 pair of gloves (worn)
 r - a +0 large shield (worn)
 w - a +0 plate armour (worn)
Jewellery
 n - an amulet of magic regeneration (around neck)
 p - a ring of fire (left hand)
Wands
 v - a wand of paralysis (2)
 E - a wand of flame (27)
Scrolls
 g - 5 scrolls of identify
 h - 2 scrolls of enchant weapon
 j - 6 scrolls of teleportation
 o - a scroll of enchant armour
 t - 3 scrolls of remove curse
 y - 3 scrolls of fog
 A - a scroll of amnesia
 B - 3 scrolls of fear
Potions
 c - a potion of invisibility
 d - 3 potions of might
 i - 10 potions of curing
 k - a potion of berserk rage
 q - 2 potions of brilliance
 s - 2 potions of cancellation
 u - 2 potions of haste
 x - a potion of mutation
 C - a potion of flight
 D - a potion of agility {unknown}
Comestibles
 f - 23 rations


   Skills:
 - Level 10.9(10.8) Fighting
 - Level 11.1 Long Blades
 - Level 10.0(9.9) Armour
 * Level 9.1 Dodging
 - Level 10.3(10.2) Shields


You had 10 spell levels left.
You didn't know any spells.
Your spell library contained the following spells:

 Spells                   Type           Power        Failure   Level  Hunger
 Magic Dart               Conj           #...         100%        1    ##.....
 Blink                    Tloc           N/A          100%        2    ###....
 Call Imp                 Summ           #.......     100%        2    ###....
 Searing Ray              Conj           #.....       100%        2    ###....
 Slow                     Hex            #.......     100%        2    ###....
 Conjure Flame            Conj/Fire      #.......     100%        3    ####...
 Dazzling Spray           Conj/Hex       #.....       100%        3    ####...
 Mephitic Cloud           Conj/Pois/Air  #.......     100%        3    ####...
 Force Lance              Conj/Tloc      #.......     100%        4    #####..
 Fulminant Prism          Conj/Hex       #.........   100%        4    #####..
 Iskenderun's Mystic Bla  Conj           #.......     100%        4    #####..


Dungeon Overview and Level Annotations

Branches:
Dungeon (12/15)            Temple (1/1) D:4            Lair (0/6) D:8
    Orc: D:9-12

Altars:
Ashenzari
Cheibriados
Dithmenos
Elyvilon
Fedhas
Gozag
Hepliaklqana
Kikubaaqudgha
Makhleb
Nemelex Xobeh
Okawaru
Qazlal
Ru
Sif Muna
Trog
Uskayaw
Vehumet
Wu Jian
Xom
Yredelemnul
Zin
The Shining One
Jiyva

Shops:
D:8 *

Annotations:
D:12 Jorgrun


Innate Abilities, Weirdness & Mutations

You reflexively headbutt those who attack you in melee.
You have a pair of horns on your head.


Message History

The iron shot hits you!!
* * * LOW HITPOINT WARNING * * *
x2 The grasping roots constrict you!
Jorgrun completely misses you.
* * * LOW HITPOINT WARNING * * *
The grasping roots constrict you.
Jorgrun hits you with an uncursed staff of earth!
* * * LOW HITPOINT WARNING * * *
Jorgrun crushes you!
* * * LOW HITPOINT WARNING * * *
x2 The grasping roots constrict you!
Jorgrun points at you and mumbles some strange words.
You struggle to resist.
* * * LOW HITPOINT WARNING * * *
The grasping roots constrict you. Jorgrun hits you but does no damage.
* * * LOW HITPOINT WARNING * * *
The grasping roots constrict you. Jorgrun gestures at you while chanting.
The wall shatters!
The blast of rock fragments hits you!!
You die...

.................#
...#######.......#
.. #....#### .
#....# #....#
#....# #....#
.#######....#
.......@.####
......g..#
.........#
.........#
..........
.#####..... #.....
#.>....


You could see Jorgrun.

Vanquished Creatures
  The ghost of Thargor the Blocker, a journeyman MiFi of Makhleb (D:10)
  A hydra (D:11)
  3 two-headed ogres
  Nergalle (D:12)
  An ugly thing (D:6)
  A deep elf mage (D:9)
  Maurice (D:8)
  A komodo dragon (D:10)
  A troll (D:11)
  A hippogriff (D:10)
  A wyvern (D:9)
  3 hungry ghosts
  A steam dragon (D:9)
  2 vampire mosquitoes (D:10)
  3 wargs (D:8)
  Duvessa (D:5)
  An ice beast (D:7)
  A black bear (D:7)
  4 orc warriors
  3 ogres
  3 sky beasts (D:10)
  2 phantoms
  A centaur (D:9)
  2 big kobolds
  5 bullfrogs
  A wyvern zombie (D:10)
  A gnoll sergeant (D:9)
  Dowan (D:5)
  3 scorpions (D:9)
  9 wights
  9 killer bees
  3 howler monkeys (D:9)
  4 crimson imps
  3 bullfrog zombies
  A quasit (D:9)
  8 centaur zombies
  12 orc priests
  A centaur skeleton (D:4)
  2 bullfrog skeletons
  5 hounds
  3 jellies
  9 orc wizards
  6 worker ants
  4 iguanas
  A killer bee zombie (D:7)
  2 big kobold zombies (Ossuary)
  A hound zombie (D:10)
  A hound skeleton (D:8)
  5 mummies (Ossuary)
  6 gnolls
  11 adders
  A howler monkey skeleton (D:5)
  2 shadow imps (D:7)
  2 oozes
  2 worms
  An adder skeleton (D:4)
  2 dart slugs (D:1)
  5 leopard geckos
  53 orcs
  A ball python (D:1)
  9 giant cockroaches
  10 goblins
  10 hobgoblins
  13 jackals
  4 quokkas
  12 bats
  8 frilled lizards
  4 hobgoblin zombies (Ossuary)
  15 kobolds
  A leopard gecko zombie (D:8)
  A quokka skeleton (D:6)
  11 rats
324 creatures vanquished.

Vanquished Creatures (others)
  A gnoll (D:9)
  An orc (D:9)
2 creatures vanquished.

Grand Total: 326 creatures vanquished

Notes
Turn   | Place    | Note
-------+----------+-------------------------------------------
     0 | D:1      | CitizenNev the Minotaur Fighter began the quest for the
                  | Orb.
     0 | D:1      | Reached XP level 1. HP: 19/19 MP: 0/0
    33 | D:1      | Reached skill level 3 in Long Blades
    63 | D:1      | Reached XP level 2. HP: 23/26 MP: 1/1
   201 | D:1      | Reached skill level 4 in Long Blades
   277 | D:1      | Reached XP level 3. HP: 29/31 MP: 2/2
   728 | D:2      | Found a radiant altar of Vehumet.
   887 | D:2      | Found a burning altar of Makhleb.
   900 | D:2      | Reached skill level 5 in Long Blades
   912 | D:2      | Reached XP level 4. HP: 33/40 MP: 3/3
  1608 | D:3      | Reached skill level 5 in Fighting
  1656 | D:3      | Found a shattered altar of Ashenzari.
  2037 | D:4      | Noticed a phantom
  2058 | D:4      | Killed a phantom
  2058 | D:4      | Reached skill level 5 in Armour
  2058 | D:4      | Reached XP level 5. HP: 25/48 MP: 4/4
  2320 | D:4      | Found a staircase to the Ecumenical Temple.
  2331 | Temple   | Entered the Ecumenical Temple
  2502 | D:4      | Reached XP level 6. HP: 53/56 MP: 5/5
  2517 | D:4      | Reached skill level 5 in Shields
  2651 | D:4      | Found the +9 staff of Wucad Mu {channel}
  3003 | D:4      | Reached XP level 7. HP: 58/61 MP: 6/6
  3250 | D:5      | Entered Level 5 of the Dungeon
  3250 | D:5      | Noticed Duvessa
  3270 | D:5      | Killed Duvessa
  3478 | D:5      | Reached skill level 1 in Dodging
  3660 | D:5      | Noticed Dowan
  3681 | D:5      | Killed Dowan
  4065 | D:5      | Found a blossoming altar of Fedhas.
  4072 | D:5      | Found a white marble altar of Elyvilon.
  4077 | D:5      | Found an ancient bone altar of Kikubaaqudgha.
  4088 | D:5      | Found an iron altar of Okawaru.
  4092 | D:5      | Became a worshipper of Warmaster Okawaru
  4098 | D:5      | Found a bloodstained altar of Trog.
  4103 | D:5      | Found a glowing golden altar of the Shining One.
  4110 | D:5      | Found a glowing silver altar of Zin.
  4250 | D:6      | Reached skill level 5 in Dodging
  4250 | D:6      | Reached XP level 8. HP: 41/68 MP: 7/7
  4505 | D:6      | Reached skill level 6 in Long Blades
  4995 | D:6      | Reached skill level 7 in Long Blades
  5191 | D:6      | Noticed a cyan ugly thing
  5209 | D:6      | Killed a cyan ugly thing
  5209 | D:6      | Reached * piety under Okawaru
  5209 | D:6      | Reached skill level 9 in Long Blades
  5524 | D:7      | Reached XP level 9. HP: 66/74 MP: 8/8
  5550 | D:7      | Reached skill level 10 in Long Blades
  5599 | D:7      | Found a snail-covered altar of Cheibriados.
  5809 | D:7      | Reached ** piety under Okawaru
  6076 | D:7      | Found a deep blue altar of Sif Muna.
  6209 | D:7      | Reached skill level 11 in Long Blades
  6495 | D:8      | Found a shimmering altar of Xom.
  6555 | D:8      | Noticed a two-headed ogre
  6572 | D:8      | Killed a two-headed ogre
  6645 | D:8      | Noticed Maurice
  6648 | D:8      | Paralysed by Maurice for 6 turns
  6657 | D:8      | Paralysed by Maurice for 6 turns
  6666 | D:8      | Paralysed by Maurice for 4 turns
  6672 | D:8      | Killed Maurice
  6672 | D:8      | Reached *** piety under Okawaru
  6686 | D:8      | Found a sand-covered staircase.
  6687 | D:8      | Noticed a two-headed ogre
  6691 | Ossuary  | Entered an ossuary
  6730 | Ossuary  | Reached XP level 10. HP: 51/93 MP: 9/9
  7013 | D:8      | Killed a two-headed ogre
  7013 | D:8      | Reached skill level 10 in Fighting
  7414 | D:8      | Found Athael's Assorted Antiques.
  7417 | D:8      | Bought a potion of heal wounds for 130 gold pieces
  7417 | D:8      | Bought a viscous dark potion for 23 gold pieces
  7490 | D:8      | Found a staircase to the Lair.
  7935 | D:9      | Noticed a deep elf mage
  7959 | D:9      | Reached **** piety under Okawaru
  7976 | D:9      | Killed a deep elf mage
  8591 | D:9      | Found a basalt altar of Yredelemnul.
  9001 | D:9      | Reached skill level 10 in Armour
  9026 | D:9      | Reached ***** piety under Okawaru
  9061 | D:9      | Noticed a two-headed ogre
  9072 | D:9      | Killed a two-headed ogre
  9257 | D:10     | Entered Level 10 of the Dungeon
  9263 | D:10     | Found a transporter.
  9271 | D:10     | Reached XP level 11. HP: 87/101 MP: 10/10
  9271 | D:10     | Noticed Thargor's ghost (journeyman MiFi)
  9372 | D:10     | Received a gift from Okawaru
  9372 | D:10     | Reached skill level 10 in Shields
  9999 | D:10     | Found a transporter.
 10279 | D:10     | Killed Thargor's ghost
 10279 | D:10     | Received a gift from Okawaru
 10442 | D:11     | Noticed a four-headed hydra
 10456 | D:11     | Killed an eight-headed hydra
 11062 | D:12     | Noticed Nergalle
 11075 | D:12     | Killed Nergalle
 11086 | D:12     | Noticed Jorgrun
 11098 | D:12     | HP: 4/101 [Jorgrun/uncursed staff of earth (3)]
 11099 | D:12     | Killed from afar by Jorgrun

Skill      XL: |  1  2  3  4  5  6  7  8  9 10 11 |
---------------+----------------------------------+-----
Long Blades    | 3 4 5 9 11 | 11.1
Fighting       | 4 5 9 10 | 10.9
Armour         | 5 10 | 10.0
Shields        | 4 6 7 9 10 | 10.3
Dodging        | 5 9 |  9.1

Action                   |  1- 3 |  4- 6 |  7- 9 | 10-12 || total
-------------------------+-------+-------+-------+-------++-------
Melee: Long sword        |   103 |   130 |   404 |   519 ||  1156
       Headbutt          |    14 |    22 |    76 |   110 ||   222
       Scimitar          |       |       |       |    16 ||    16
Invok: Heroism           |       |       |     2 |     7 ||     9
       Finesse           |       |       |       |     1 ||     1
  Use: Scroll            |       |     7 |     5 |     9 ||    21
       Potion            |       |       |     3 |     5 ||     8
  Eat: Chunk             |       |     7 |    12 |     8 ||    27
       Ration            |       |       |       |     3 ||     3
Armor: Scale mail        |    44 |    44 |       |       ||    88
       Chain mail        |       |    15 |   145 |   146 ||   306
       Plate armour      |       |       |       |   125 ||   125
Dodge: Dodged            |    39 |    43 |    61 |   119 ||   262
Block: Shield            |    56 |    70 |    35 |       ||   161
       Large shield      |       |       |   293 |   586 ||   879
       Rpst.: Long sword |    11 |     7 |    13 |    28 ||    59
       Scimitar          |       |       |       |     3 ||     3
